Map: [TLMC15] Curious Minds

Players

DPGherO (herO) - Winner!

  • Race: Protoss Protoss
  • League: Master

ByuN

  • Race: Terran Terran

VOD

Have the link to the VOD?

Description

Time

  • Played on: Oct. 22, 2021, 7:34 a.m.
  • Length: 10:33
Show
View Real Time Build Order
Export as new Build Order

DPGherO Protoss - Winner!

Build Orders: Blink Stalkers 

Get SALT Encoding   

  12  0:00  Probe  
  13  0:12  Probe  
  14  0:17  Pylon  
  14  0:24  Probe (Chrono Boost)  
  15  0:36  Probe (Chrono Boost)  
  15  0:38  Gateway  
  16  0:44  Probe (Chrono Boost)  
  16  0:47  Assimilator  
  17  0:50  Probe  
  18  1:03  Probe  
  19  1:15  Probe  
  20  1:25  Cybernetics Core  
  20  1:27  Probe  
  21  1:35  Pylon  
  21  1:50  Nexus  
  21  1:57  Assimilator  
  21  1:58  Adept (Chrono Boost)  
  21  2:04  Probe  
  21  2:06  Warp Gate  
  24  2:16  Probe (Chrono Boost)  
  24  2:21  Stalker  
  27  2:28  Probe (Chrono Boost)  
  28  2:34  Probe (Chrono Boost)  
  29  2:38  Pylon  
  29  2:41  Twilight Council  
  29  2:43  Probe  
  30  2:56  Stalker  
  30  2:57  Probe (Chrono Boost)  
  33  3:02  Probe (Chrono Boost)  
  34  3:11  Probe (Chrono Boost)  
  34  3:12  Probe (Chrono Boost)  
  36  3:13  Gateway  
  36  3:16  Probe (Chrono Boost)  
  36  3:18  Blink (Chrono Boost)  
  36  3:19  Probe  
  38  3:30  Probe  
  38  3:31  Probe  
  40  3:38  Robotics Facility  
  40  3:42  Probe  
  40  3:43  Probe  
  40  3:46  Gateway  
  42  3:51  Gateway  
  42  3:55  Stalker  
  42  3:58  Probe  
  42  4:00  Probe  
  46  4:06  Assimilator  
  46  4:07  Assimilator  
  46  4:10  Probe  
  46  4:11  Stalker  
  49  4:18  Stalker  
  49  4:22  Probe  
  49  4:23  Probe  
  53  4:24  Pylon  
  53  4:25  Observer (Chrono Boost)  
  53  4:28  Pylon  
  54  4:40  Warp Prism (Chrono Boost)  
  54  4:43  Probe x2  
  58  4:48  Stalker  
  58  4:50  Stalker  
  62  4:54  Stalker  
  64  5:01  Pylon  
  64  5:02  Stalker  
  64  5:04  Probe  
  64  5:05  Probe  
  68  5:11  Pylon  
  68  5:16  Observer  
  69  5:25  Stalker x2  
  69  5:26  Stalker x2  
  77  5:29  Pylon  
  77  5:31  Probe  
  73  5:57  Zealot x4  
  73  5:58  Warp Prism (Chrono Boost)  
  73  6:02  Stalker x4  
  73  6:07  Observer  
  73  6:13  Nexus  
  73  6:19  Robotics Bay  
  73  6:33  Stalker x4  
  73  6:34  Probe x2  
  82  6:40  Pylon  
  82  6:44  Pylon  
  82  6:56  Stalker x4  
  90  7:02  Probe x2  
  80  7:13  Colossus (Chrono Boost)  
  70  7:17  Extended Thermal Lance  
  70  7:20  Observer  
  76  7:23  Probe x2  
  76  7:25  Probe  
  76  7:27  Shield Battery, Sentry x3  
  85  7:40  Probe x3  
  87  7:54  Charge (Chrono Boost)  
  87  7:55  Colossus (Chrono Boost)  
  87  7:56  Probe  
  87  7:57  Probe x2  
  96  8:03  Gateway  
  96  8:05  Gateway  
  96  8:07  Gateway  
  96  8:08  Sentry, Forge, Gateway  
  96  8:09  Zealot  
  100  8:19  Pylon  
  100  8:26  Zealot x2  
  104  8:33  Pylon  
  104  8:34  Colossus (Chrono Boost)  
  104  8:37  Stalker x2  
  104  8:41  Shield Battery  
  114  8:46  Assimilator x2  
  114  8:58  Pylon  
  114  9:00  Stalker x2  
  106  9:04  Zealot x2  
  106  9:06  Zealot x4  
  118  9:25  Stalker x4  
  124  9:35  Zealot x4  
  131  9:50  Stalker x4  
  139  9:56  Stalker x2  
  139  9:57  Stalker x2  
  139  9:59  Pylon  
  147  10:00  Pylon  
  147  10:02  Observer  
  142  10:18  Zealot x4  
  142  10:19  Zealot x3  
  142  10:20  Zealot  
Show
View Real Time Build Order
Export as new Build Order

ByuN Terran 

Build Orders: Cyclone Opening 

Get SALT Encoding   

  12  0:00  SCV  
  13  0:12  SCV  
  14  0:17  Supply Depot  
  14  0:24  SCV  
  15  0:28  Refinery  
  15  0:39  SCV  
  16  0:45  Barracks  
  16  0:57  Engineering Bay  
  16  1:01  SCV  
  17  1:13  SCV  
  18  1:32  Marine, Orbital Command  
  19  1:40  Factory  
  19  1:52  Barracks Reactor  
  19  1:55  Supply Depot  
  19  2:00  SCV  
  20  2:12  SCV  
  21  2:19  Command Center  
  21  2:23  Factory Tech Lab  
  21  2:29  Marine x2  
  23  2:30  SCV  
  24  2:41  Cyclone  
  24  2:43  Supply Depot  
  27  2:46  SCV  
  27  2:50  Marine  
  27  2:51  Marine  
  30  2:58  SCV  
  31  2:59  Refinery  
  31  3:07  Barracks  
  31  3:10  SCV  
  32  3:16  Cyclone  
  35  3:22  SCV  
  35  3:26  Marine x2  
  38  3:34  SCV  
  39  3:44  Marine x2  
  39  3:46  SCV  
  42  3:56  Orbital Command  
  42  3:59  SCV  
  42  4:00  Factory Tech Lab  
  42  4:01  Barracks  
  43  4:04  Marine x2  
  43  4:05  Marine  
  43  4:07  Stimpack  
  46  4:11  SCV  
  46  4:15  Supply Depot  
  47  4:22  SCV  
  47  4:23  SCV  
  49  4:24  Marine x2  
  49  4:25  Marine  
  52  4:33  Supply Depot  
  52  4:35  Engineering Bay  
  52  4:36  SCV  
  52  4:38  SCV  
  54  4:42  Marine x2  
  54  4:44  Marine  
  57  4:49  SCV  
  57  4:50  SCV  
  59  4:54  Combat Shield  
  59  4:57  Factory Reactor  
  59  5:01  SCV  
  59  5:02  Starport, SCV  
  59  5:03  Marine x2  
  59  5:05  Marine  
  59  5:06  Marine  
  65  5:10  Terran Infantry Weapons Level 1  
  65  5:15  Supply Depot  
  65  5:17  SCV x2  
  67  5:21  Marine  
  67  5:27  Refinery  
  69  5:29  SCV  
  69  5:33  SCV  
  70  5:38  Marine, Marauder x2, Supply Depot  
  70  5:39  Marine  
  70  5:41  SCV  
  76  5:45  SCV  
  76  5:53  SCV  
  76  5:55  Factory Reactor  
  76  5:57  Marine x2, SCV  
  66  6:04  Marauder  
  66  6:05  SCV  
  66  6:06  Medivac  
  66  6:08  Medivac  
  66  6:09  SCV  
  66  6:11  Barracks Tech Lab  
  74  6:17  Missile Turret  
  74  6:18  SCV  
  75  6:20  Marine x2  
  75  6:21  SCV  
  76  6:26  Marauder  
  76  6:31  Marauder  
  79  6:35  SCV x2  
  79  6:38  Marine x2  
  82  6:43  Missile Turret, Refinery  
  82  6:46  Medivac x2  
  85  6:55  Supply Depot  
  85  6:57  Marauder, Widow Mine x2  
  85  6:59  Marine x2  
  93  7:05  Marauder  
  93  7:06  SCV x2  
  91  7:19  Medivac, Supply Depot x2  
  93  7:25  Medivac  
  95  7:36  Marine x2, Marauder x2  
  97  7:43  SCV x2  
  98  7:53  Terran Infantry Armor Level 1  
  98  7:54  Marine x2  
  98  7:56  Concussive Shells  
  98  7:57  Marauder x2, Widow Mine x2  
  108  8:06  Medivac x2  
  112  8:16  Marine x2  
  112  8:18  Marauder  
  112  8:19  Marauder  
  118  8:29  Supply Depot  
  118  8:30  Supply Depot  
  118  8:36  Command Center  
  118  8:50  Marine x2  
  118  8:51  Marauder, Widow Mine x2  
  118  8:52  Marauder  
  115  9:04  Viking x2  
  118  9:12  Marauder  
  118  9:14  Marauder  
  118  9:17  Marine x2  
  118  9:18  Widow Mine x2  
  112  9:33  Marauder  
  112  9:34  Barracks  
  112  9:35  Marine x2, Marauder  
  112  9:36  Barracks  
  112  9:38  Viking  
  120  9:45  Viking  
  122  9:55  Marauder  
  122  9:56  Marine x2, Marauder  
  122  9:59  Orbital Command  
  121  10:20  SCV x2  
Tags
 
Add a new tag
Caveats
  • Supply blocks, unpowered buildings, or Contaminate may cause inaccurate times.
  • Supply counts are checked every 10 seconds.